 Dungeon Crawl Stone Soup version 0.27.0-65-ge2af304b15 (webtiles) character file.

Game seed: 12902055745658703003

11676 pkoi the Severer (level 11, -6/95 HPs)
             Began as a Minotaur Gladiator on Aug 18, 2021.
             Was a High Priest of Nemelex Xobeh.
             Mangled by a yak (9 damage)
             ... on level 1 of the Lair of Beasts.
             The game lasted 00:09:07 (11769 turns).

pkoi the Severer (Minotaur Gladiator)              Turns: 11769, Time: 00:09:08

Health: -6/95      AC: 19    Str: 28    XL:     11   Next: 52%
Magic:  17/17      EV:  9    Int:  5    God:    Nemelex Xobeh [*****.]
Gold:   673        SH:  0    Dex: 12    Spells: 10/10 levels left

rFire    . . .     SeeInvis .   a - +0 battleaxe
rCold    . . .     Faith    .   (shield currently unavailable)
rNeg     . . .     Spirit   .   h - +0 plate armour
rPois    .         Reflect  .   c - +1 hat
rElec    .         Harm     .   o - scarf {+Inv}
rCorr    +         Rampage  .   j - +0 pair of gloves
Will     .....                  z - +2 pair of boots
Stlth    ..........             (no amulet)
HPRegen  0.25/turn              n - ring of resist corrosion
MPRegen  0.15/turn              w - +6 ring of strength

@: no status effects
A: horns 2, retaliatory headbutt
a: Renounce Religion, Evoke Invisibility, Draw Escape, Draw Destruction, Draw
Summoning, Triple Draw, Deal Four, Stack Five


You were on level 1 of the Lair of Beasts.
You worshipped Nemelex Xobeh.
Nemelex Xobeh was extremely pleased with you.
You visited 3 branches of the dungeon, and saw 12 of its levels.

You collected 673 gold pieces.

Inventory:

Hand Weapons
 a - a +0 battleaxe (weapon)
 x - a +1 war axe
Missiles
 d - 4 throwing nets (quivered)
Armour
 c - a +1 hat (worn)
 h - a +0 plate armour (worn)
 j - a +0 pair of gloves (worn)
 o - a scarf of invisibility (worn)
 z - a +2 pair of boots (worn)
Jewellery
 n - a ring of resist corrosion (left hand)
 w - a +6 ring of strength (right hand)
Wands
 i - a wand of flame (20)
 l - a wand of iceblast (16)
 p - a wand of paralysis (8)
 A - a wand of polymorph (9)
Scrolls
 b - a scroll of magic mapping
 g - 2 scrolls of enchant weapon
 m - 3 scrolls of identify
 t - 2 scrolls of teleportation
 v - a scroll of blinking
 y - 3 scrolls of enchant armour
 C - a scroll of amnesia
Potions
 e - 9 potions of curing {unknown}
 f - 2 potions of attraction
 k - 6 potions of heal wounds {unknown}
 q - 3 potions of brilliance
 r - 3 potions of lignification
 s - 2 potions of haste
 u - 3 potions of mutation {unknown}
 B - a potion of degeneration {unknown}


   Skills:
 + Level 8.8 Fighting
 + Level 15.4 Axes
 - Level 2.0 Throwing
 + Level 8.2 Armour
 - Level 3.2 Dodging
 * Level 9.6 Invocations


You had 10 spell levels left.
You didn't know any spells.
Your spell library contained the following spells:

 Spells                   Type           Power      Damage    Failure   Level
 Animate Skeleton         Necr           0%         N/A       99%         1
 Pain                     Necr           0%         1d4       99%         1
 Ensorcelled Hibernation  Hex/Ice        0%         N/A       100%        2
 Passwall                 Tmut/Erth      0%         N/A       100%        2
 Gell's Gravitas          Tloc           0%         N/A       100%        3
 Spider Form              Tmut/Pois      0%         N/A       100%        3
 Swiftness                Air            0%         N/A       100%        3
 Teleport Other           Tloc           0%         N/A       100%        3
 Vampiric Draining        Necr           0%         2d6       100%        3
 Cause Fear               Hex            0%         N/A       100%        4
 Hailstorm                Conj/Ice       0%         3d3       100%        4
 Ice Form                 Ice/Tmut       0%         N/A       100%        4
 Dispersal                Tloc           0%         N/A       100%        6
 Invisibility             Hex            0%         N/A       100%        6
 Shadow Creatures         Summ           N/A        N/A       100%        6
 Simulacrum               Ice/Necr       0%         N/A       100%        6
 Dragon Form              Tmut           0%         N/A       100%        7
 Dragon's Call            Summ           0%         N/A       100%        9


Dungeon Overview and Level Annotations

Branches:
Dungeon (10/15)            Temple (1/1) D:6            Lair (1/6) D:9
    Orc (0/2) D:9

Altars:
Ashenzari
Cheibriados
Dithmenos
Elyvilon
Fedhas
Gozag
Hepliaklqana
Kikubaaqudgha
Makhleb
Nemelex Xobeh
Okawaru
Qazlal
Ru
Sif Muna
Trog
Uskayaw
Vehumet
Wu Jian
Xom
Yredelemnul
Zin
The Shining One
Beogh

Shops:
D:9 *

Annotations:
D:4 2 runed translucent doors, Krazlmac's ghost, amateur SpHu


Innate Abilities, Weirdness & Mutations

You have a pair of horns on your head.
You reflexively headbutt those who attack you in melee.


Message History

You barely miss the komodo dragon. You headbutt the komodo dragon.
The komodo dragon is moderately wounded.
You hit the yak but do no damage. You completely miss the yak.
You slash the yak! You hit the yak but do no damage. The yak gores you!
* * * LOW HITPOINT WARNING * * *
The yak gores you but does no damage. The yak gores you.
* * * LOW HITPOINT WARNING * * *
The yak gores you but does no damage.
You slice the komodo dragon!!
The komodo dragon is severely wounded.
You hit the yak but do no damage. You slash the yak!
You kill the yak!
You hit the yak but do no damage. You hit the yak.
The komodo dragon bites you but does no damage.
The yak gores you but does no damage. The yak barely misses you.
The yak gores you.
* * * LOW HITPOINT WARNING * * *
You draw a card...
You have drawn the Tomb.
Walls emerge from the floor!
The komodo dragon bites you but does no damage.
The yak gores you but does no damage. x2; The yak barely misses you.
You hit the yak but do no damage.
The yak is severely wounded.
You slice the komodo dragon!!
You kill the komodo dragon!
You slice the yak!! You barely miss the yak. The yak barely misses you.
You furiously retaliate!
You headbutt the yak! The yak gores you.
* * * LOW HITPOINT WARNING * * *
The yak barely misses you. You furiously retaliate!
You headbutt the yak. You hit the yak.
The yak is almost dead.
You hit the yak but do no damage. You slash the yak!
You kill the yak!
The yak gores you!
* * * LOW HITPOINT WARNING * * *
Unknown command.
You barely miss the yak. You headbutt the yak.
The yak is almost dead.
You slash the yak! The yak gores you!
You die...
Your body glows slightly and disappears.

.............. .......##
##..........#. ........#
#.............
....?...###.............
........#.............†.
.........#............†.
........................
......†.Y...............
......Y@#...............
......###.......[.......
............#...........
........................
...P#.....##............
######.)#.###...........
#...## ##.......... #..#
#.......... #..
###.#......


You could see 2 yaks.

Vanquished Creatures
  Harold (D:8)
  A two-headed ogre (D:10)
  Pikel (D:4)
  A deep elf pyromancer (D:8)
  A cane toad (Lair:1)
  2 komodo dragons
  2 kobold demonologists (D:10)
  2 trolls (D:10)
  A raiju (D:8)
  A shadow (D:10)
  Sigmund (D:5)
  17 yaks
  3 wyverns
  A basilisk (D:9)
  A steam dragon (D:8)
  Menkaure (D:6)
  3 water moccasins
  A black bear (D:7)
  4 orc warriors
  A sky beast (D:6)
  A necrophage (D:4)
  An ogre (D:7)
  5 centaurs
  A lemure (D:4)
  A phantom (D:7)
  3 kobold brigands
  6 bullfrogs
  Blork the orc (D:4)
  A wyvern zombie (D:8)
  2 scorpions (D:5)
  4 killer bees
  2 water moccasin skeletons (D:5)
  5 wights
  An electric eel (D:8)
  A crimson imp (D:4)
  4 centaur zombies
  A hound (D:6)
  2 jellies (D:5)
  2 bullfrog zombies (D:6)
  A bullfrog skeleton (D:4)
  9 orc priests
  An iguana (D:5)
  8 orc wizards
  A howler monkey zombie (D:9)
  3 gnolls (D:7)
  11 adders
  A shadow imp (D:7)
  An ufetubus (D:5)
  3 worms
  2 dart slugs
  49 orcs
  8 bats
  An endoplasm (D:2)
  5 giant cockroaches
  6 goblins
  2 hobgoblins
  5 jackals
  27 kobolds
  5 quokkas
  7 ball pythons
  4 frilled lizards
  14 rats
264 creatures vanquished.

Vanquished Creatures (others)
  2 plants (D:9)
2 creatures vanquished.

Grand Total: 266 creatures vanquished

Notes
Turn   | Place    | Note
-------+----------+-------------------------------------------
     0 | D:1      | pkoi the Minotaur Gladiator began the quest for the Orb.
     0 | D:1      | Reached XP level 1. HP: 18/18 MP: 0/0
   104 | D:1      | Reached skill level 4 in Axes
   104 | D:1      | Reached XP level 2. HP: 22/25 MP: 1/1
   153 | D:1      | Reached skill level 1 in Armour
   659 | D:2      | Found a sparkling altar of Nemelex Xobeh.
   673 | D:2      | Became a worshipper of Nemelex Xobeh the Trickster
   764 | D:2      | Reached XP level 3. HP: 31/31 MP: 2/2
  1373 | D:2      | Reached XP level 4. HP: 38/38 MP: 3/3
  1464 | D:3      | Reached skill level 13 in Axes
  1464 | D:3      | Reached XP level 5. HP: 45/45 MP: 4/4
  1495 | D:3      | Reached * piety under Nemelex Xobeh
  1495 | D:3      | Received a gift from Nemelex Xobeh
  1499 | D:3      | Reached skill level 1 in Invocations
  1659 | D:3      | Found a faded altar of an unknown god.
  2317 | D:4      | Noticed a necrophage
  2325 | D:4      | Killed a necrophage
  2326 | D:4      | Reached XP level 6. HP: 48/51 MP: 4/6
  2366 | D:4      | Noticed Blork the orc
  2373 | D:4      | Killed Blork the orc
  2604 | D:4      | Found a runed translucent door.
  2606 | D:4      | Noticed Pikel
  2612 | D:4      | Noticed Krazlmac's ghost (amateur SpHu)
  2666 | D:4      | Killed Pikel
  2667 | D:4      | Reached skill level 14 in Axes
  2667 | D:4      | Reached XP level 7. HP: 18/59 MP: 6/8
  3060 | D:4      | Reached ** piety under Nemelex Xobeh
  3149 | D:4      | Received a gift from Nemelex Xobeh
  3386 | D:4      | Found a runed translucent door.
  3392 | D:4      | Found a radiant altar of Vehumet.
  3393 | D:4      | Found a burning altar of Makhleb.
  3416 | D:5      | Entered Level 5 of the Dungeon
  3509 | D:5      | Noticed Sigmund
  3513 | D:5      | Killed Sigmund
  3514 | D:5      | Reached XP level 8. HP: 62/67 MP: 9/9
  3821 | D:5      | Received a gift from Nemelex Xobeh
  4132 | D:5      | Reached skill level 5 in Fighting
  4506 | D:5      | Found a shimmering blue altar of Sif Muna.
  4536 | D:5      | Found a blossoming altar of Fedhas.
  4719 | D:6      | Noticed Menkaure
  4726 | D:6      | Killed Menkaure
  4741 | D:6      | Reached skill level 5 in Invocations
  4874 | D:6      | Reached XP level 9. HP: 65/74 MP: 11/11
  5005 | D:6      | Reached *** piety under Nemelex Xobeh
  5039 | D:6      | Found an ornate altar of the Wu Jian Council.
  5269 | D:6      | Found a staircase to the Ecumenical Temple.
  5679 | D:6      | Received a gift from Nemelex Xobeh
  6049 | Temple   | Entered the Ecumenical Temple
  6250 | D:7      | Reached **** piety under Nemelex Xobeh
  6407 | D:7      | Received a gift from Nemelex Xobeh
  6674 | D:7      | Reached skill level 5 in Armour
  7658 | D:8      | Received a gift from Nemelex Xobeh
  8045 | D:8      | Noticed Harold
  8049 | D:8      | Killed Harold
  8050 | D:8      | Reached XP level 10. HP: 82/84 MP: 12/14
  8202 | D:8      | Noticed Erica
  8203 | D:8      | Noticed Erica
  8203 | D:8      | Erica changed into Erica the raiju
  8209 | D:8      | Killed Erica the raiju
  8286 | D:8      | Received a gift from Nemelex Xobeh
  8307 | D:8      | Reached ***** piety under Nemelex Xobeh
  8687 | D:8      | Noticed a deep elf pyromancer
  8693 | D:8      | Killed a deep elf pyromancer
  9350 | D:9      | Found a staircase to the Lair.
  9740 | D:9      | Found a staircase to the Orcish Mines.
  9848 | D:9      | Found Pabb's Island Escapes.
 10031 | D:9      | Found a hazy altar of Hepliaklqana.
 10036 | D:9      | Received a gift from Nemelex Xobeh
 10050 | D:9      | Identified the +0 robe "Ynwashro" {Fly rF+ Dex-2 SInv}
 10163 | D:9      | Reached skill level 15 in Axes
 10451 | D:10     | Entered Level 10 of the Dungeon
 10453 | D:10     | Noticed a rust devil
 10614 | D:10     | Noticed a two-headed ogre
 10623 | D:10     | Killed a two-headed ogre
 10624 | D:10     | Reached XP level 11. HP: 71/94 MP: 16/16
 10907 | D:10     | Found a shimmering altar of Xom.
 11367 | D:10     | Received a gift from Nemelex Xobeh
 11403 | D:10     | Found an ancient bone altar of Kikubaaqudgha.
 11468 | D:10     | Found a hide-covered altar of Uskayaw.
 11662 | Lair:1   | Entered Level 1 of the Lair of Beasts
 11768 | Lair:1   | HP: 3/95 [yak (11)]
 11769 | Lair:1   | Mangled by a yak

Illustrated notes

Levels and vault maps discovered:
D:1:      lemuel_arrival_funnel, layout_rooms, hex_tiny, minmay_fountain_box,
          grunt_decor_junction
D:2:      minmay_evil_eye, layout_basic, basic_altar, minmay_rat_gold_closets
D:3:      layout_basic, hellmonk_ecumenical_altar_pennies_from_heaven
D:4:      layout_cave_pods, grunt_temple_overflow_lords_of_destruction,
          ebering_ghost_sewer_f, uniq_pikel, uniq_blork_the_orc
D:5:      layout_basic, mainiacjoe_overflow_two_lobes, serial_glass,
          glass_columns_c, glass_columns_c, due_unseen_surprise,
          minmay_strange_pillars, feat_on_display, uniq_sigmund
D:6:      layout_layer_cave, kennysheep_mini_moat, temple_green, serial_rivers,
          chequers_serial_rivers_micro_d, chequers_serial_rivers_room_a,
          chequers_serial_rivers_small_3, chequers_serial_rivers_large_a,
          chequers_serial_rivers_large_b, chequers_serial_rivers_small_3,
          uniq_menkaure
D:7:      layout_basic
D:8:      layout_basic, grunt_decor_fettered, fungi_pond_lemuel,
          minmay_increasing_density, uniq_harold, uniq_erica
D:9:      layout_rooms, lemuel_tele_altar, david_lair_shrubbed,
          minmay_orc_entry_temple_small, enter_bailey_3, nicolae_wwwww,
          kennysheep_donut, nicolae_island_escapes
D:10:     layout_cave_pools, mainiacjoe_overflow_concentric_impassable,
          mainiacjoe_overflow_surrounded_room,
          mainiacjoe_overflow_six_doors_small
Temple:   dshaligram_water_room_temple
Lair:1:   layout_cave_pods, st_stairs_6, lemuel_fruit_tree

Skill      XL: |  1  2  3  4  5  6  7  8  9 10 11 |
---------------+----------------------------------+-----
Axes           | 4 13 14 15 | 15.4
Armour         | 1 2 3 4 6 7 8 |  8.2
Fighting       | 3 4 5 6 7 8 |  8.8
Invocations    | 1 3 5 6 8 9 |  9.6
Throwing       | |  2.0
Dodging        | |  3.2

Action                   |  1- 3 |  4- 6 |  7- 9 | 10-12 || total
-------------------------+-------+-------+-------+-------++-------
Melee: War axe           |    92 |    85 |   174 |       ||   351
       Headbutt          |    15 |    17 |    39 |    40 ||   111
       Battleaxe         |       |       |    38 |   178 ||   216
Invok: Draw Destruction  |       |       |     7 |     5 ||    12
       Draw Escape       |       |       |       |     1 ||     1
  Use: Scroll            |       |     1 |     5 |     9 ||    15
       Potion            |       |     1 |       |       ||     1
Armor: Leather armour    |     9 |       |       |       ||     9
       Plate armour      |    40 |    52 |   125 |   133 ||   350
Dodge: Dodged            |    43 |     9 |    71 |    83 ||   206
